AoeStats
← makeinu

Fortress

509266814Analyzed
4v4 RM · 8d ago on Sep 26, 2026· 18m 25s· 8 players
Game mode
Random Map
Map size
Huge
Population
200
Speed
Normal
Resources
Standard
Victory
Conquest
Starting age
Dark Age
Ending age
Imperial Age
RankedLock teamsTeams togetherTeam positionsShared explorationLock speedFull tech treeHidden civsTurbo modeCheats
Victory
Defeat
🇦🇷 Slavs · Argentina
1214
+13
🇦🇷 Muisca · Argentina
1210
+13
🇦🇷 Vikings · Argentina
1154
+15
🇦🇷 Celts · Argentina
1095
+17
🇫🇮 Burmese · Finland
1164
-16
🇯🇵 Vikings · Japan
1134
-14
🇺🇸 Vietnamese · United States
1132
-14
🇨🇳 Franks · China
1131
-14
Chef
Titan
8:04 Feudal Age
makeinu
6:49 Feudal Age
Ehco
7:05 Feudal Age
Capiango2.0
9:55 Feudal Age
13:31 Castle Age
12:48 Double-Bit Axe
12:44 Horse Collar
16:04 Bow Saw
Perón
7:09 Feudal Age
6:48 Loom
12:30 Castle Age
11:02 Double-Bit Axe
11:11 Gold Mining
12:21 Horse Collar
18:36 Bow Saw
Jefe ToroFumado
7:23 Feudal Age
11:10 Castle Age
9:24 Double-Bit Axe
11:16 Loom
11:18 Horse Collar
11:35 Gold Mining
12:00 Bow Saw
DT.Bilardo
9:14 Feudal Age
12:52 Castle Age
11:43 Forging
13:13 Horse Collar
15:07 Double-Bit Axe
16:40 Squires
17:28 Iron Casting
Connection lost

Rejoining the realm…

Still unreachable

The connection could not be restored.

Session expired

The server has moved on; the page needs a fresh start.